AoeStats
← GaTill3r0

Arena

507916782Analyzed
3v3 RM · 13d ago on Sep 20, 2026· 36m 12s· 6 players
Game mode
Random Map
Map size
Normal (6 player)
Population
200
Speed
Normal
Resources
Standard
Victory
Conquest
Starting age
Dark Age
Ending age
Imperial Age
RankedLock teamsTeams togetherTeam positionsShared explorationLock speedFull tech treeHidden civsTurbo modeCheats
Victory
Defeat
🇲🇽 Aztecs · Mexico
876
+15
🇲🇽 Maya · Mexico
855
+16
🇲🇽 Inca · Mexico
851
+16
🇭🇺 Dravidians · Hungary
898
-17
🇩🇪 Persians · Germany
842
-15
🇷🇺 Byzantines · Russia
832
-15
Riopal88
2:40 Loom
11:45 Feudal Age
17:06 Castle Age
15:30 Gold Mining
15:32 Double-Bit Axe
15:30 Horse Collar
16:52 Forging
17:44 Scale Mail Armor
20:26 Wheelbarrow
21:01 Iron Casting
21:47 Squires
21:09 Eagle Warrior
24:15 Fervor
24:26 Sanctity
25:27 Heavy Plow
25:40 Bow Saw
28:54 Hand Cart
29:28 Redemption
29:27 Atonement
30:22 Caravan
31:44 Town Watch
32:17 Chain Mail Armor
35:55 Imperial Age
32:54 Crossbowman
32:58 Elite Skirmisher
36:23 Devotion
GaTill3r0
0:27 Loom
11:12 Feudal Age
17:23 Castle Age
17:50 Stone Mining
25:55 Padded Archer Armor
25:45 Fletching
26:00 Town Watch
25:53 Crossbowman
31:20 Imperial Age
30:08 Wheelbarrow
29:28 Horse Collar
30:54 Eagle Warrior
32:27 Thumb Ring
33:18 Forging
33:08 Scale Mail Armor
33:12 Heavy Plow
35:38 Gold Mining
36:01 Town Patrol
36:16 Hand Cart
35:27 Elite Plumed Archer
XxxNoobKillerxxX
0:26 Loom
13:07 Feudal Age
15:06 Wheelbarrow
17:50 Castle Age
17:04 Horse Collar
17:11 Double-Bit Axe
17:19 Gold Mining
17:25 Stone Mining
19:08 Hand Cart
28:07 Heavy Plow
28:19 Bow Saw
28:47 Gold Shaft Mining
28:51 Stone Shaft Mining
31:05 Caravan
30:37 Champi Runner
34:12 Imperial Age
31:29 Town Watch
32:05 Squires
31:51 Arson
32:43 Champi Warrior
33:40 Forging
33:30 Scale Mail Armor
33:21 Fletching
33:31 Padded Archer Armor
35:09 Elite Kamayuk
36:25 Hoardings
35:20 Sappers
36:11 Conscription
36:28 Iron Casting
35:44 Capped Ram
Tunnes
0:58 Loom
13:04 Feudal Age
18:57 Castle Age
17:31 Horse Collar
18:16 Double-Bit Axe
18:30 Stone Mining
18:58 Gold Mining
22:44 Husbandry
23:33 Fervor
27:28 Wheelbarrow
29:11 Hand Cart
30:13 Town Watch
32:10 Heavy Plow
32:27 Bow Saw
36:14 Imperial Age
34:20 Kamandaran
RiqOne
8:57 Feudal Age
15:21 Double-Bit Axe
18:19 Castle Age
18:44 Man-at-Arms
22:56 Horse Collar
26:12 Long Swordsman
31:56 Imperial Age
31:07 Gold Mining
juhamate7
10:59 Feudal Age
15:30 Castle Age
13:49 Double-Bit Axe
21:41 Pikeman
22:07 Gambesons
23:03 Man-at-Arms
24:35 Long Swordsman
29:23 Wheelbarrow
29:08 Horse Collar
30:21 Heavy Plow
33:07 Imperial Age
31:14 Hand Cart
31:25 Town Watch
32:40 Ballistics
34:54 Chemistry
Connection lost

Rejoining the realm…

Still unreachable

The connection could not be restored.

Session expired

The server has moved on; the page needs a fresh start.